[Event "EIWCC 2017"]
[Site "Riga"]
[Date "2017.04.14"]
[Round "4"]
[White "Antova, Gabriela"]
[Black "Paramzina, Anastasya"]
[Result "1-0"]
[ECO "E10"]
[WhiteElo "2335"]
[BlackElo "2202"]
[Annotator "NA"]
[PlyCount "77"]
[EventDate "2017.??.??"]
[EventType "swiss"]
[EventCountry "LAT"]
[SourceTitle "playchess.com"]
[Source "ChessBase"]
[SourceQuality "1"]
[TimeControl "40/5400+30:1800+30"]

1. d4 Nf6 2. c4 e6 3. Nf3 c5 4. d5 exd5 5. cxd5 Bd6 6. Nc3 Bc7 7. e4 d6 8. Nd2 O-O 9. Bd3 a6 10. a4 Nbd7 11. Nc4 Re8 12. O-O b6 13. Bf4 Nf8 14. Re1 Ng6 15. Bg3 Rb8 16. Ne3 Ne5 17. Be2 Qd7 18. f4 Ng6 19. Bf3 b5 20. axb5 axb5 21. Qc2 c4 22. Kh1 Qd8 23. Ncd1 Ba5 24. Rf1 h5 25. h3 h4 26. Bh2 Qb6 27. Nf2 Bb4 28. Nfg4 Nd7 29. Nf5 Bc5 30. Qc3 f6 31. Qd2 Ndf8 32. Nxg7 Kxg7 33. f5 Ne5 34. Qh6+ Kf7 35. Qxf6+ Kg8 36. Qg5+ Kh8 37. Qh5+ Kg7 38. Qxe8 Nf7 39. Qe7 1-0

[Event "EIWCC 2017"]
[Site "Riga"]
[Date "2017.04.14"]
[Round "4"]
[White "Gara, Ticia"]
[Black "Utiatskaja, Irina"]
[Result "1-0"]
[ECO "A06"]
[WhiteElo "2325"]
[BlackElo "2152"]
[Annotator "NA"]
[PlyCount "105"]
[EventDate "2017.??.??"]
[EventType "swiss"]
[EventCountry "LAT"]
[SourceTitle "playchess.com"]
[Source "ChessBase"]
[SourceQuality "1"]
[TimeControl "40/5400+30:1800+30"]

1. Nf3 d5 2. g3 Bg4 3. Bg2 Nd7 4. O-O c6 5. c4 e6 6. d3 Ngf6 7. cxd5 exd5 8. Nc3 Be7 9. h3 Bxf3 10. Bxf3 O-O 11. d4 Bd6 12. Qc2 Re8 13. Re1 Nf8 14. Bd2 Ne6 15. Qd3 Qb6 16. Be3 Qxb2 17. Reb1 Qa3 18. Rxb7 Bb4 19. Nd1 Qxd3 20. exd3 Bd6 21. Rc1 Nd8 22. Rb3 Rc8 23. Kg2 Ne6 24. Rbc3 Nd8 25. Bg5 Rb8 26. Bxf6 gxf6 27. Ne3 Rb6 28. Bxd5 Rxe3 29. fxe3 cxd5 30. Rc8 Be7 31. R1c7 Kf8 32. Rxa7 Ke8 33. Kf3 Rb2 34. e4 Rd2 35. Ke3 Rg2 36. Kf3 Rd2 37. Rc3 dxe4+ 38. Kxe4 Rh2 39. d5 Rxh3 40. d4 h5 41. Re3 Kf8 42. Kf3 h4 43. Raxe7 Rxg3+ 44. Kf2 Ne6 45. Rxf7+ Kxf7 46. dxe6+ Ke7 47. Rxg3 hxg3+ 48. Kxg3 Kxe6 49. a4 Kd5 50. a5 Kc6 51. Kf4 Kb5 52. Kf5 Kxa5 53. Kxf6 1-0

[Event "EIWCC 2017"]
[Site "Riga"]
[Date "2017.04.14"]
[Round "4"]
[White "Buksa, Nataliya"]
[Black "Makka, Ioulia"]
[Result "1-0"]
[ECO "B12"]
[WhiteElo "2314"]
[BlackElo "2069"]
[Annotator "NA"]
[PlyCount "109"]
[EventDate "2017.??.??"]
[EventType "swiss"]
[EventCountry "LAT"]
[SourceTitle "playchess.com"]
[Source "ChessBase"]
[SourceQuality "1"]
[TimeControl "40/5400+30:1800+30"]

1. e4 c6 2. d4 d5 3. e5 Bf5 4. h4 h5 5. Bd3 Bxd3 6. Qxd3 e6 7. Bg5 Be7 8. Nf3 Nh6 9. Nbd2 Nf5 10. b3 Nd7 11. c4 Qa5 12. O-O O-O 13. Bxe7 Nxe7 14. Ng5 Nf5 15. Ndf3 Rfd8 16. Qe2 dxc4 17. bxc4 Nf8 18. Rfd1 Rd7 19. Rd2 Rad8 20. Rad1 Qb4 21. Ne4 Qe7 22. g3 b6 23. Kg2 f6 24. Rd3 Qf7 25. Nc3 Qg6 26. Qe4 Qg4 27. Qxc6 Nxd4 28. Rxd4 Rxd4 29. Nxd4 fxe5 30. f3 Qg6 31. Nde2 Rxd1 32. Nxd1 Qc2 33. Ndc3 Qd2 34. Kf2 Qb2 35. Qc7 Qb4 36. Ne4 Nh7 37. Ng5 Nxg5 38. hxg5 Kh7 39. Qc6 Qb2 40. Qxe6 Qxa2 41. Qf7 Qa5 42. Qxh5+ Kg8 43. Qe8+ Kh7 44. Qc6 Qb4 45. Qe4+ g6 46. Qb7+ Kg8 47. Qb8+ Kf7 48. Qxa7+ Kf8 49. Qc7 Qa5 50. c5 Qxc5+ 51. Qxc5+ bxc5 52. Ke3 Ke7 53. Ke4 Ke6 54. f4 exf4 55. gxf4 1-0

[Event "EIWCC 2017"]
[Site "Riga"]
[Date "2017.04.14"]
[Round "4"]
[White "Galojan, Lilit"]
[Black "Chan, Naruna"]
[Result "0-1"]
[ECO "D10"]
[WhiteElo "2290"]
[BlackElo "1981"]
[Annotator "NA"]
[PlyCount "158"]
[EventDate "2017.??.??"]
[EventType "swiss"]
[EventCountry "LAT"]
[SourceTitle "playchess.com"]
[Source "ChessBase"]
[SourceQuality "1"]
[TimeControl "40/5400+30:1800+30"]

1. d4 d5 2. c4 c6 3. e3 Nf6 4. Bd3 Qc7 5. Nc3 dxc4 6. Bxc4 Bf5 7. Nf3 e6 8. O-O Be7 9. Qe2 b5 10. Bd3 Bxd3 11. Qxd3 Nbd7 12. e4 b4 13. Na4 e5 14. Bg5 O-O 15. Nxe5 Nxe5 16. dxe5 Qxe5 17. f4 Qb5 18. Qc2 Rfe8 19. e5 Nd5 20. Bxe7 Ne3 21. Qb3 Nxf1 22. Bd6 Nd2 23. Qxb4 Nc4 24. Bc5 a5 25. Qxb5 cxb5 26. Nc3 Rec8 27. b4 axb4 28. Bxb4 Ne3 29. Rb1 Nc2 30. Nd5 Rd8 31. Bd6 Rxa2 32. Nc3 Ra7 33. Rxb5 h6 34. Kf2 Nd4 35. Rb2 Nf5 36. Bc5 Rad7 37. Ne4 Rd5 38. g4 Nd4 39. Bd6 Ne6 40. Ke3 Rd1 41. f5 Re1+ 42. Re2 Rxe2+ 43. Kxe2 Nd4+ 44. Ke3 Nb5 45. Be7 Rd1 46. h4 Nc7 47. Bd6 Nd5+ 48. Ke2 Rd4 49. Kf3 Rd3+ 50. Kf2 Rh3 51. h5 Ne3 52. e6 fxe6 53. fxe6 Nxg4+ 54. Kg2 Re3 55. Nc5 Nf6 56. Kf2 Rh3 57. Nd7 Ne8 58. Bf4 Rxh5 59. Kf3 Rh1 60. Ke4 g5 61. Be5 Rf1 62. Kd5 g4 63. Nc5 h5 64. Kc6 Rd1 65. Bg3 Kg7 66. Bh4 Kg6 67. Nb7 Kf5 68. e7 Kf4 69. Bf2 g3 70. Bc5 Ke5 71. Nd8 g2 72. Nf7+ Kf6 73. Nh6 g1=Q 74. Bxg1 Rxg1 75. Kd7 Ng7 76. Ng8+ Kg6 77. e8=B+ Nxe8 78. Kxe8 Re1+ 79. Kd8 h4 0-1

[Event "EIWCC 2017"]
[Site "Riga"]
[Date "2017.04.14"]
[Round "4"]
[White "Travkina, Anastasia"]
[Black "Pustovoitova, Daria"]
[Result "0-1"]
[ECO "B81"]
[WhiteElo "2287"]
[BlackElo "2411"]
[Annotator "NA"]
[PlyCount "46"]
[EventDate "2017.??.??"]
[EventType "swiss"]
[EventCountry "LAT"]
[SourceTitle "playchess.com"]
[Source "ChessBase"]
[SourceQuality "1"]
[TimeControl "40/5400+30:1800+30"]

1. e4 c5 2. Nf3 d6 3. d4 cxd4 4. Nxd4 Nf6 5. Nc3 e6 6. g4 h6 7. h3 {[%emt 0:00:05] B81: Sicilian Scheveningen: Keres Attack} (7. Bg2 Nc6 8. h3 g5 9. Nxc6 bxc6 10. e5 Nd5 11. exd6 Qxd6 12. O-O Ba6 13. Re1 Be7 14. Ne4 Qc7 15. c4 Nb4 16. b3 {1-0 (59) Carlsen,M (2840)-Van Wely,L (2695) Wijk aan Zee 2017}) 7... Be7 8. Bg2 a6 9. Be3 Nc6 10. Qe2 Nxd4 11. Bxd4 e5 12. Be3 Be6 13. O-O-O Rc8 14. Nd5 Bxd5 15. exd5 Nd7 16. Kb1 O-O $146 17. Be4 Bg5 18. h4 Bxh4 19. Bxh6 gxh6 20. g5 Bxg5 21. Rdg1 Qf6 22. Qe3 Qg7 23. Qh3 Nf6 0-1

[Event "EIWCC 2017"]
[Site "Riga"]
[Date "2017.04.14"]
[Round "4"]
[White "Ambartsumova, Karina"]
[Black "Nechaeva, Marina"]
[Result "1/2-1/2"]
[ECO "D02"]
[WhiteElo "2282"]
[BlackElo "2395"]
[Annotator "NA"]
[PlyCount "110"]
[EventDate "2017.??.??"]
[EventType "swiss"]
[EventCountry "LAT"]
[SourceTitle "playchess.com"]
[Source "ChessBase"]
[SourceQuality "1"]
[TimeControl "40/5400+30:1800+30"]

1. d4 d5 2. Nf3 Nf6 3. Bf4 c5 4. e3 Nc6 5. Nbd2 Qb6 6. dxc5 Qxb2 7. Rb1 Qc3 8. Bb5 Qxc5 9. O-O a6 10. Be2 e6 11. c4 Be7 12. Nb3 Qa3 13. Nbd4 Nxd4 14. Qxd4 O-O 15. Be5 dxc4 16. Bxc4 b5 17. Bb3 Bb7 18. Qf4 Rfd8 19. Nd4 Bd6 20. Rbd1 Bxe5 21. Qxe5 Bd5 22. Rc1 Qd6 23. Qxd6 Rxd6 24. Rc7 g6 25. Rfc1 Rad8 26. Nc6 Bxc6 27. R7xc6 Ne4 28. f3 Nd2 29. Rxd6 Rxd6 30. Rc8+ Kg7 31. Kf2 Nxb3 32. axb3 Rd2+ 33. Kg3 Rd3 34. Ra8 Rxe3 35. Rxa6 Rxb3 36. h4 h5 37. Rb6 Kf6 38. Rb7 Rb1 39. Kh2 Rb3 40. Kg3 e5 41. Kh2 Ke6 42. Rb6+ Kf5 43. Rb7 f6 44. Rb6 b4 45. g4+ hxg4 46. fxg4+ Kxg4 47. Rxf6 Rb2+ 48. Kg1 Kh5 49. Re6 b3 50. Rxe5+ Kxh4 51. Rb5 g5 52. Kf1 g4 53. Rb8 Kg3 54. Rb7 Rb1+ 55. Ke2 b2 1/2-1/2

[Event "EIWCC 2017"]
[Site "Riga"]
[Date "2017.04.14"]
[Round "4"]
[White "Unuk, Laura"]
[Black "Papp, Petra"]
[Result "1/2-1/2"]
[ECO "D20"]
[WhiteElo "2275"]
[BlackElo "2378"]
[Annotator "NA"]
[PlyCount "74"]
[EventDate "2017.??.??"]
[EventType "swiss"]
[EventCountry "LAT"]
[SourceTitle "playchess.com"]
[Source "ChessBase"]
[SourceQuality "1"]
[TimeControl "40/5400+30:1800+30"]

1. d4 d5 2. c4 dxc4 3. e3 e5 4. Bxc4 exd4 5. exd4 Bd6 6. Nf3 Nf6 7. Qe2+ Qe7 8. Qxe7+ Bxe7 9. O-O Nbd7 10. Nc3 Nb6 11. Bb3 c6 12. Re1 Nfd5 13. a3 Be6 14. Bg5 h6 15. Bxe7 Kxe7 16. Ne4 Nd7 17. Nc5 Nxc5 18. dxc5 Kf6 19. Rad1 Rad8 20. Rd4 g5 21. h4 Nf4 22. Bxe6 Nxe6 23. Rg4 Rd5 24. b4 Rhd8 25. Rge4 Rd3 26. a4 a5 27. bxa5 Nxc5 28. Rc4 R8d5 29. Re8 Ra3 30. Rb8 Rxa4 31. Rxa4 Nxa4 32. Rxb7 Rxa5 33. Nd4 Rc5 34. Ra7 Rc1+ 35. Kh2 Nb2 36. Ra6 Nd3 37. Nxc6 Nxf2 1/2-1/2

[Event "EIWCC 2017"]
[Site "Riga"]
[Date "2017.04.14"]
[Round "4"]
[White "Mamedjarova, Turkan"]
[Black "Arda, Cagil Irmak"]
[Result "0-1"]
[ECO "E12"]
[WhiteElo "2267"]
[BlackElo "2089"]
[Annotator "NA"]
[PlyCount "88"]
[EventDate "2017.??.??"]
[EventType "swiss"]
[EventCountry "LAT"]
[SourceTitle "playchess.com"]
[Source "ChessBase"]
[SourceQuality "1"]
[TimeControl "40/5400+30:1800+30"]

1. d4 Nf6 2. Nf3 e6 3. c4 b6 4. Qc2 Bb7 5. Nc3 Bb4 6. Nd2 c5 7. a3 Ba5 8. dxc5 bxc5 9. Rb1 Nc6 10. e3 O-O 11. Nb3 Bb6 12. Be2 Rc8 13. O-O Qe7 14. Na4 Ne5 15. Nxb6 axb6 16. Nd2 d5 17. b3 Rfd8 18. Re1 Qd6 19. h3 d4 20. exd4 cxd4 21. Bd3 Nxd3 22. Qxd3 e5 23. f3 Re8 24. Ne4 Nxe4 25. fxe4 f5 26. exf5 e4 27. Qf1 e3 28. Rb2 Rc5 29. Rd1 Rce5 30. Qf4 Qc6 31. Re2 Re4 32. Qg5 Qf6 33. Qxf6 gxf6 34. Bb2 Rd8 35. Rd3 Bc8 36. g4 h5 37. Kh2 Kf7 38. Kg3 hxg4 39. hxg4 Rg8 40. g5 Rxg5+ 41. Kf3 Bb7 42. Bxd4 Rxf5+ 43. Kg3 Rg5+ 44. Kh3 Bc8+ 0-1

[Event "EIWCC 2017"]
[Site "Riga"]
[Date "2017.04.14"]
[Round "4"]
[White "Sandu, Mihaela"]
[Black "Kovanova, Baira"]
[Result "1/2-1/2"]
[ECO "C55"]
[WhiteElo "2261"]
[BlackElo "2376"]
[Annotator "NA"]
[PlyCount "114"]
[EventDate "2017.??.??"]
[EventType "swiss"]
[EventCountry "LAT"]
[SourceTitle "playchess.com"]
[Source "ChessBase"]
[SourceQuality "1"]
[TimeControl "40/5400+30:1800+30"]

1. e4 e5 2. Nf3 Nc6 3. Bc4 Nf6 4. d3 Be7 5. Bb3 O-O 6. O-O d6 7. c3 Na5 8. Bc2 c5 9. Nbd2 Nc6 10. Re1 Re8 11. Nf1 h6 12. Ne3 Be6 13. h3 Bf8 14. Nh2 d5 15. Qf3 d4 16. Nf5 Kh7 17. g4 g6 18. Ng3 Ng8 19. Bb3 Bxb3 20. axb3 Qf6 21. Qd1 Qe6 22. Rf1 Bg7 23. c4 Nge7 24. Qf3 Rf8 25. Bd2 a5 26. Kg2 b6 27. Qe2 Rae8 28. Nf3 Qd6 29. Ng1 Nd8 30. Qf3 Ne6 31. N1e2 Qc6 32. Ng1 Bf6 33. Qd1 Bg5 34. Nf3 Bxd2 35. Qxd2 Nf4+ 36. Kh2 Qf6 37. Ng1 Nc6 38. N3e2 Kg7 39. Nxf4 exf4 40. Nf3 Ne5 41. Nxe5 Rxe5 42. f3 h5 43. Kg2 Rh8 44. Rh1 Ree8 45. Rag1 g5 46. Kf1 h4 47. Kf2 Qc6 48. Ra1 Ra8 49. Ra2 Rhe8 50. Rha1 Rab8 51. Ke1 Rb7 52. Kd1 Reb8 53. Rc1 Ra8 54. Rca1 Rba7 55. Kc1 Qb7 56. Kd1 Qa6 57. Qc2 Qb7 1/2-1/2

[Event "EIWCC 2017"]
[Site "Riga"]
[Date "2017.04.14"]
[Round "4"]
[White "Kazarian, Anna-Maja"]
[Black "Azimova, Karina"]
[Result "1-0"]
[ECO "B04"]
[WhiteElo "2257"]
[BlackElo "2072"]
[Annotator "NA"]
[PlyCount "59"]
[EventDate "2017.??.??"]
[EventType "swiss"]
[EventCountry "LAT"]
[SourceTitle "playchess.com"]
[Source "ChessBase"]
[SourceQuality "1"]
[TimeControl "40/5400+30:1800+30"]

1. e4 Nf6 2. e5 Nd5 3. d4 d6 4. Nf3 Nc6 5. Bc4 Nb6 6. Bb3 dxe5 7. Nxe5 Nxe5 8. dxe5 Qxd1+ 9. Kxd1 Bf5 10. Be3 O-O-O+ 11. Ke2 e6 12. Nc3 Bb4 13. Nb5 a6 14. Nd4 Bg6 15. Rad1 Bh5+ 16. f3 c5 17. Nxe6 fxe6 18. Bxe6+ Nd7 19. c3 Ba5 20. Bg5 Be8 21. Rd5 Rf8 22. Bxd8 Bxd8 23. Rhd1 Bf7 24. Bxd7+ Kb8 25. Be6 Bxe6 26. Rxd8+ Rxd8 27. Rxd8+ Kc7 28. Rh8 Bf5 29. Rg8 g6 30. Rg7+ 1-0

[Event "EIWCC 2017"]
[Site "Riga"]
[Date "2017.04.14"]
[Round "4"]
[White "Ivanenko, Olga I"]
[Black "Szczepkowska, Karina"]
[Result "1/2-1/2"]
[ECO "C33"]
[WhiteElo "2252"]
[BlackElo "2414"]
[Annotator "NA"]
[PlyCount "79"]
[EventDate "2017.??.??"]
[EventType "swiss"]
[EventCountry "LAT"]
[SourceTitle "playchess.com"]
[Source "ChessBase"]
[SourceQuality "1"]
[TimeControl "40/5400+30:1800+30"]

1. e4 e5 2. f4 exf4 3. Bc4 Qh4+ 4. Kf1 d6 5. Nf3 Qh6 6. Nc3 c6 7. d3 Bg4 8. h3 Nd7 9. Kg1 Bxf3 10. Qxf3 g5 11. d4 Qg7 12. Ne2 Ne7 13. h4 h6 14. hxg5 hxg5 15. Rxh8 Qxh8 16. g3 Qh3 17. Qg2 Qh5 18. gxf4 Nb6 $14 19. Bd3 gxf4 20. Bxf4 O-O-O 21. Kf2 Ng6 22. Bg5 Be7 23. Bxe7 Nxe7 24. Rh1 Qa5 25. Rh7 Rg8 26. Qh3+ Kb8 27. Rxf7 Nbc8 28. Qh4 Qd8 29. Ke1 Rh8 30. Rh7 Qa5+ 31. Nc3 Ng6 32. Qh6 Rxh7 33. Qxh7 Qg5 34. Ne2 Nh4 35. Qf7 Qg2 36. Kd2 Nf3+ 37. Ke3 Nh2 38. Kd2 Nf3+ 39. Ke3 Nh2 40. Kd2 1/2-1/2

[Event "EIWCC 2017"]
[Site "Riga"]
[Date "2017.04.14"]
[Round "4"]
[White "Mammadova, Narmin"]
[Black "Kouvatsou, Maria"]
[Result "1-0"]
[ECO "C47"]
[WhiteElo "2240"]
[BlackElo "2016"]
[Annotator "NA"]
[PlyCount "79"]
[EventDate "2017.??.??"]
[EventType "swiss"]
[EventCountry "LAT"]
[SourceTitle "playchess.com"]
[Source "ChessBase"]
[SourceQuality "1"]
[TimeControl "40/5400+30:1800+30"]

1. e4 e5 2. Nc3 Nc6 3. Nf3 Nf6 4. h3 d5 5. exd5 Nxd5 6. Bb5 Nxc3 7. bxc3 Bd6 8. d4 exd4 9. cxd4 O-O 10. O-O h6 11. c3 Bf5 12. Bd3 Qf6 13. Rb1 b6 14. Rb5 Bxd3 15. Qxd3 Rae8 16. c4 a6 17. Rb3 Re7 18. c5 bxc5 19. dxc5 Bxc5 20. Bb2 Qd6 21. Qc3 f5 22. Qc4+ Kh7 23. Rc3 Nd4 24. Qxc5 Ne2+ 25. Kh1 Nxc3 26. Qxc3 c5 27. Rc1 Rc8 28. Qc2 Qd5 29. Rd1 Qe4 30. Qc3 Rcc7 31. Ba3 Qe2 32. Rd2 Qf1+ 33. Kh2 Re4 34. Qa5 Rc6 35. Bxc5 Rc4 36. Ba3 Rg6 37. g3 f4 38. Qf5 fxg3+ 39. fxg3 Qa1 40. Ne5 1-0

[Event "EIWCC 2017"]
[Site "Riga"]
[Date "2017.04.14"]
[Round "4"]
[White "Kantane, Anna"]
[Black "Narva, Regina"]
[Result "1-0"]
[ECO "B01"]
[WhiteElo "2230"]
[BlackElo "2000"]
[Annotator "NA"]
[PlyCount "85"]
[EventDate "2017.??.??"]
[EventType "swiss"]
[EventCountry "LAT"]
[SourceTitle "playchess.com"]
[Source "ChessBase"]
[SourceQuality "1"]
[TimeControl "40/5400+30:1800+30"]

1. e4 d5 2. exd5 Nf6 3. d4 Bg4 4. f3 Bf5 5. Bb5+ Nbd7 6. c4 e6 7. dxe6 fxe6 8. Ne2 c6 9. Ba4 Bd6 10. c5 Bc7 11. O-O Nd5 12. Nbc3 O-O 13. Bb3 Qh4 14. g3 Qf6 15. Ne4 Qg6 16. Nd6 Bxd6 17. cxd6 Bd3 18. Rf2 N7b6 19. Kh1 Rad8 20. Nf4 Nxf4 21. Bxf4 Nc8 22. Qe1 Rfe8 23. Qb4 Rd7 24. Re1 Nb6 25. Qc3 h5 26. Rxe6 Rxe6 27. Bxe6+ Qxe6 28. Qxd3 Nd5 29. Be5 Rf7 30. Qe4 Qh6 31. f4 h4 32. g4 h3 33. Qf3 Qh4 34. Qg3 Qh7 35. f5 Qh6 36. g5 Qh5 37. Rf3 c5 38. dxc5 a6 39. Kg1 a5 40. Kf2 Rd7 41. f6 Qg6 42. Qxh3 Qe8 43. fxg7 1-0

[Event "EIWCC 2017"]
[Site "Riga"]
[Date "2017.04.14"]
[Round "4"]
[White "Balaian, Alina"]
[Black "Tsolakidou, Stavroula"]
[Result "0-1"]
[ECO "B51"]
[WhiteElo "2229"]
[BlackElo "2395"]
[Annotator "NA"]
[PlyCount "64"]
[EventDate "2017.??.??"]
[EventType "swiss"]
[EventCountry "LAT"]
[SourceTitle "playchess.com"]
[Source "ChessBase"]
[SourceQuality "1"]
[TimeControl "40/5400+30:1800+30"]

1. e4 c5 2. Nf3 d6 3. Bb5+ Nd7 4. c3 Ngf6 5. Qe2 a6 6. Ba4 g6 7. O-O b5 8. Bc2 Bg7 9. d4 cxd4 10. cxd4 Bb7 11. e5 Bxf3 12. gxf3 Nd5 13. exd6 e6 14. Nc3 N7b6 15. a4 b4 16. a5 bxc3 17. axb6 O-O 18. b7 Ra7 19. Rxa6 cxb2 20. Bd2 Rxb7 21. Qc4 Rb6 22. Ra2 Qxd6 23. Bb3 Rfb8 24. Rxb2 Ne7 25. Rbb1 Nf5 26. Rfd1 Nxd4 27. Be3 Rb4 28. Qf1 Nxf3+ 29. Kg2 Qc6 30. Bc4 Rxb1 31. Rxb1 Rxb1 32. Qxb1 Nd2+ 0-1

[Event "EIWCC 2017"]
[Site "Riga"]
[Date "2017.04.14"]
[Round "4"]
[White "Stetsko, Lanita"]
[Black "Heinatz, Maria"]
[Result "0-1"]
[ECO "B90"]
[WhiteElo "2226"]
[BlackElo "1990"]
[Annotator "NA"]
[PlyCount "166"]
[EventDate "2017.??.??"]
[EventType "swiss"]
[EventCountry "LAT"]
[SourceTitle "playchess.com"]
[Source "ChessBase"]
[SourceQuality "1"]
[TimeControl "40/5400+30:1800+30"]

1. e4 c5 2. Nf3 d6 3. d4 cxd4 4. Nxd4 Nf6 5. Nc3 a6 6. h3 e5 7. Nde2 Be7 8. g4 Be6 9. Bg2 Nc6 10. Nd5 Bxd5 11. exd5 Nb8 12. Ng3 g6 13. Be3 Nbd7 14. g5 Ng8 15. Ne4 Rc8 16. O-O h6 17. f4 f5 18. gxf6 Ngxf6 19. Qd3 Kf7 20. c4 Kg7 21. b4 exf4 22. Bxf4 Qb6+ 23. Kh2 Qxb4 24. Rab1 Qxc4 25. Qxc4 Rxc4 26. Rxb7 Rb8 27. Rxb8 Nxb8 28. Bxh6+ Kxh6 29. Nxf6 Kg7 30. Ng4 Nd7 31. Re1 Ne5 32. Nxe5 dxe5 33. Rb1 Rb4 34. Rc1 Rb6 35. Rc7 Kf6 36. Be4 Bd6 37. Rd7 Bf8 38. Kg3 Rb2 39. Rc7 Rb6 40. Rc8 Be7 41. Ra8 Rd6 42. Kf3 Bd8 43. Bd3 Rxd5 44. Rxa6+ Ke7 45. Bxg6 Ra5 46. Rc6 Rxa2 47. Be4 Ra3+ 48. Kg4 Kf7 49. Rh6 Bf6 50. Kf5 Bg7 51. Bd5+ Kf8 52. Rh4 Ra6 53. Rb4 Rf6+ 54. Kg5 Rd6 55. Be4 Bh6+ 56. Kf5 Bf4 57. Rb8+ Kg7 58. Rb7+ Kf8 59. h4 Rh6 60. Kg4 Rd6 61. h5 Kg8 62. Bg6 Rf6 63. Kf3 Kf8 64. Ke4 Kg8 65. Rb8+ Kg7 66. Ra8 Bg3 67. Ra7+ Kg8 68. Ra2 Bf4 69. Rg2 Kf8 70. Bh7 Kf7 71. Kd5 Kf8 72. Rg8+ Kf7 73. Rg2 Kf8 74. Bg8 Ke7 75. Bh7 Rd6+ 76. Ke4 Rf6 77. Rb2 Kf8 78. Bf5 Kf7 79. Rb7+ Kg8 80. Bg4 Kf8 81. Kd5 Bg3 82. Be6 e4 83. Rb8+ Bxb8 0-1

[Event "EIWCC 2017"]
[Site "Riga"]
[Date "2017.04.14"]
[Round "4"]
[White "Lickrastina, Agnese"]
[Black "Limanovska, Elizabete"]
[Result "1/2-1/2"]
[ECO "B94"]
[WhiteElo "2223"]
[BlackElo "1990"]
[Annotator "NA"]
[PlyCount "84"]
[EventDate "2017.??.??"]
[EventType "swiss"]
[EventCountry "LAT"]
[SourceTitle "playchess.com"]
[Source "ChessBase"]
[SourceQuality "1"]
[TimeControl "40/5400+30:1800+30"]

1. e4 c5 2. Nf3 d6 3. d4 cxd4 4. Nxd4 Nf6 5. Nc3 a6 6. Bg5 Nbd7 7. f4 Qc7 8. Qf3 b5 9. O-O-O Bb7 10. Bxf6 Nxf6 11. a3 Rc8 12. Bd3 g6 13. Qe2 Bh6 14. Rhf1 O-O 15. Kb1 Bg7 16. Nb3 e6 17. Na2 Rfe8 18. g4 Nd7 19. h4 Nb6 20. f5 exf5 21. gxf5 d5 22. fxg6 fxg6 23. c3 dxe4 24. Bc2 Bd5 25. Qe3 Nc4 26. Qc1 Bf7 27. Rde1 e3 28. h5 Red8 29. Re2 Nd2+ 30. Nxd2 exd2 31. Rxd2 Rxd2 32. Qxd2 Qc4 33. Rxf7 Qxf7 34. hxg6 Qf1+ 35. Nc1 h6 36. Ka2 Kh8 37. Ne2 Qf6 38. Nd4 Re8 39. Qg2 Qb6 40. Nf5 Qe6+ 41. Kb1 Qe1+ 42. Ka2 Qe6+ 1/2-1/2

[Event "EIWCC 2017"]
[Site "Riga"]
[Date "2017.04.14"]
[Round "4"]
[White "Zherebtsova, Alexandra"]
[Black "Yildiz, Betul Cemre"]
[Result "1-0"]
[ECO "E12"]
[WhiteElo "2222"]
[BlackElo "2367"]
[Annotator "NA"]
[PlyCount "65"]
[EventDate "2017.??.??"]
[EventType "swiss"]
[EventCountry "LAT"]
[SourceTitle "playchess.com"]
[Source "ChessBase"]
[SourceQuality "1"]
[TimeControl "40/5400+30:1800+30"]

1. d4 Nf6 2. Nf3 e6 3. c4 b6 4. a3 Bb7 5. Nc3 d5 6. cxd5 Nxd5 7. Qc2 Nd7 8. e4 Nxc3 9. bxc3 c5 10. Bd3 cxd4 11. cxd4 Rc8 12. Qe2 Be7 13. O-O O-O 14. Bb2 Nf6 15. Ne5 Qc7 16. f4 a6 17. Rf3 b5 18. Rg3 Rfd8 19. Rf1 Qb6 20. Kh1 b4 21. a4 Qa5 22. f5 exf5 23. Rxf5 Qxa4 24. Bc4 Bxe4 25. Bxf7+ Kf8 26. Bb3 Qxb3 27. Rxf6+ gxf6 28. Rxb3 Bd5 29. Rh3 fxe5 30. Rxh7 e4 31. Qh5 Rc6 32. Rh8+ Bg8 33. Qh7 1-0

[Event "EIWCC 2017"]
[Site "Riga"]
[Date "2017.04.14"]
[Round "4"]
[White "Movileanu, Daniela"]
[Black "Parhomenko, Margarita"]
[Result "1-0"]
[ECO "B16"]
[WhiteElo "2213"]
[BlackElo "1987"]
[Annotator "NA"]
[PlyCount "73"]
[EventDate "2017.??.??"]
[EventType "swiss"]
[EventCountry "LAT"]
[SourceTitle "playchess.com"]
[Source "ChessBase"]
[SourceQuality "1"]
[TimeControl "40/5400+30:1800+30"]

1. e4 c6 2. d4 d5 3. Nd2 dxe4 4. Nxe4 Nf6 5. Nxf6+ gxf6 6. c3 Bf5 7. Nf3 Rg8 8. g3 Nd7 9. Bg2 e6 10. Bf4 Nb6 11. O-O Bd6 12. Bxd6 Qxd6 13. Nh4 Bg4 14. Qc2 O-O-O 15. b4 Nd5 16. Kh1 Bh5 17. Qd2 Rg4 18. f3 Rg7 19. Qh6 Rxg3 20. hxg3 Qxg3 21. Nf5 exf5 22. Qxh5 Nxc3 23. Qxf5+ Kb8 24. Qg4 Qd6 25. Rfe1 Qxb4 26. Qf4+ Ka8 27. Qxf6 Qa5 28. Re5 Nd5 29. Qxf7 Qd2 30. Re8 Qg5 31. Bh3 a6 32. Rb1 Nb6 33. Rxb6 Qc1+ 34. Kg2 Qg5+ 35. Bg4 Qd2+ 36. Kh3 Qh6+ 37. Bh5 1-0

[Event "EIWCC 2017"]
[Site "Riga"]
[Date "2017.04.14"]
[Round "4"]
[White "Exler, Veronika"]
[Black "Gundogan, Sinem Cagla"]
[Result "0-1"]
[ECO "D11"]
[WhiteElo "2208"]
[BlackElo "1885"]
[Annotator "NA"]
[PlyCount "70"]
[EventDate "2017.??.??"]
[EventType "swiss"]
[EventCountry "LAT"]
[SourceTitle "playchess.com"]
[Source "ChessBase"]
[SourceQuality "1"]
[TimeControl "40/5400+30:1800+30"]

1. d4 d5 2. c4 c6 3. Nf3 e6 4. Qb3 f5 5. g3 Nf6 6. Bg2 Bd6 7. O-O O-O 8. Bf4 Bxf4 9. gxf4 Ne4 10. Nbd2 Kh8 11. Rad1 Nd7 12. Ne5 Nxe5 13. dxe5 Qh4 14. e3 b6 15. Nf3 Qh6 16. Qa3 Bb7 17. Nd4 Rfe8 18. cxd5 cxd5 19. Nb5 g5 20. f3 gxf4 21. exf4 Nc5 22. b4 Ba6 23. Nd6 Re7 24. Rf2 Nd3 25. Rxd3 Bxd3 26. Qxd3 Qxf4 27. Qc3 d4 28. Qc6 Rg8 29. Nc4 Qc1+ 30. Rf1 Qc2 31. Rf2 Qd1+ 32. Rf1 Qe2 33. Rf2 Qe1+ 34. Rf1 Rxg2+ 35. Kxg2 Rg7+ 0-1

[Event "EIWCC 2017"]
[Site "Riga"]
[Date "2017.04.14"]
[Round "4"]
[White "Balajayeva, Khanim"]
[Black "Warakomska, Anna"]
[Result "0-1"]
[ECO "B22"]
[WhiteElo "2196"]
[BlackElo "2343"]
[Annotator "NA"]
[PlyCount "90"]
[EventDate "2017.??.??"]
[EventType "swiss"]
[EventCountry "LAT"]
[SourceTitle "playchess.com"]
[Source "ChessBase"]
[SourceQuality "1"]
[TimeControl "40/5400+30:1800+30"]

1. e4 c5 2. c3 d5 3. exd5 Qxd5 4. d4 Nc6 5. Nf3 Bf5 6. Be3 Nf6 7. Nbd2 cxd4 8. Bc4 dxe3 9. Bxd5 exd2+ 10. Qxd2 O-O-O 11. Qf4 Rxd5 12. O-O e6 13. Rfd1 Bd6 14. Qa4 Rd8 15. Rxd5 Nxd5 16. Nd4 Nb6 17. Qb5 Nxd4 18. cxd4 Kb8 19. Rd1 Nd5 20. h3 Nf4 21. Qb3 Be4 22. f3 Bc6 23. Qc2 g6 24. Qf2 g5 25. Qe3 h5 26. Rd2 Rg8 27. Rc2 Bd5 28. Rf2 Rc8 29. b3 b6 30. Qd2 Bb7 31. Rf1 Ba6 32. Rd1 Be2 33. Rc1 Rxc1+ 34. Qxc1 Bxf3 35. Qb1 Bxg2 36. Qh7 Bd5 37. Kf1 Bg2+ 38. Kf2 Bxh3 39. Qg8+ Kb7 40. Qxg5 f5 41. b4 Bg2 42. Qh6 Bd5 43. a4 Nd3+ 44. Kg1 Nxb4 45. Qxh5 f4 0-1